 Dungeon Crawl Stone Soup version 0.21-a0-349-g0c35859 (webtiles) character file.

150 Dfrag the Firebug (level 5, 35/35 HPs)
             Began as a Demonspawn Fire Elementalist on Oct 9, 2017.
             Quit the game on level 3 of the Dungeon.
             The game lasted 00:02:52 (1987 turns).

Dfrag the Firebug (Demonspawn Fire Elementalist)    Turns: 1987, Time: 00:02:52

Health: 35/35      AC:  4    Str:  8    XL:     5   Next: 10%
Magic:  9/9        EV: 12    Int: 17    God:
Gold:   79         SH:  0    Dex: 14    Spells: 9/10 levels left

rFire    + . .     SeeInvis .   k - +2 short sword (speed)
rCold    . . .     Gourm    .   (no shield)
rNeg     . . .     Faith    .   a - +0 robe
rPois    .         Spirit   .   (helmet restricted)
rElec    .         Reflect  .   (no cloak)
rCorr    .         Harm     .   (no gloves)
MR       .....                  (no boots)
Stlth    ++........             (no amulet)
HPRegen  0.11/turn              (no ring)
MPRegen  0.11/turn              (no ring)

@: no status effects
A: antennae 1, molten scales 1, demonic guardian 1, fire resistance 1
a: no special abilities


You were on level 3 of the Dungeon.
You were not hungry.

You visited 1 branch of the dungeon, and saw 3 of its levels.

You collected 79 gold pieces.

Inventory:

Hand Weapons
 k - a +2 short sword of speed (weapon)
Armour
 a - a +0 robe (worn)
Scrolls
 d - 3 scrolls of amnesia {unknown}
 e - 3 scrolls of identify {unknown}
 g - a scroll of fog {unknown}
 h - 2 scrolls of remove curse {unknown}
 i - a scroll of magic mapping {unknown}
 l - a scroll of noise {unknown}
Potions
 f - a potion of ambrosia {unknown}
 j - a potion of heal wounds {unknown}
 m - 2 potions of flight {unknown}
 n - a potion of brilliance {unknown}
Books
 b - a book of Flames

   Spells                             Type                      Level
   a - Flame Tongue                   Conjuration/Fire             1
   b - Throw Flame                    Conjuration/Fire             2
   c - Conjure Flame                  Conjuration/Fire             3
   d - Inner Flame                    Hexes/Fire                   3
   e - Sticky Flame                   Conjuration/Fire             4
   f - Fireball                       Conjuration/Fire             5
Comestibles
 c - a bread ration
 o - 5 chunks of flesh


   Skills:
 - Level 1.7 Dodging
 - Level 1.7 Stealth
 + Level 3.2 Spellcasting
 + Level 2.9 Conjurations
 + Level 3.7 Fire Magic


You had 9 spell levels left.
You knew the following spells:

 Your Spells              Type           Power        Failure   Level  Hunger
a - Flame Tongue          Conj/Fire      ##...        4%          1    None


Dungeon Overview and Level Annotations

Branches:
Dungeon (3/15)

Altars:


Innate Abilities, Weirdness & Mutations

You have a pair of small antennae on your head.
You are partially covered in molten scales. (AC +2)
A weak demonic guardian rushes to your aid.
Your flesh is heat resistant. (rF+)


Message History

a club; a robe
Found 12 sling bullets.
You see here 12 sling bullets.
You see here 12 sling bullets.
There is an open door here.
You open the door.
There is an open door here.
Done exploring.
Done exploring.
Done exploring.
(D) Dungeon
Where to? (Enter - D:2, ? - help)
What level of the Dungeon? (default 1, ? - help) Eating one of 6 chunks of flesh.
You eat one of the 6 chunks of flesh.
This raw flesh tastes terrible.
There is a stone staircase leading down here.
You climb downwards.
Found 7 gold pieces.
There is a stone staircase leading up here.
Are you sure you want to abandon this character and quit the game? (Confirm with "yes".)

### ###
... .$#
.. #.#
#
#.#.#.#
#..@..#
#######


There were no monsters in sight!

Vanquished Creatures
  Jessica (D:2)
  Terence (D:2)
  5 adders (D:2)
  4 worms (D:2)
  2 dart slugs
  5 bats
  A giant cockroach (D:1)
  6 goblins
  5 hobgoblins
  3 kobolds (D:2)
  2 ball pythons (D:2)
  3 frilled lizards
  5 rats
43 creatures vanquished.

Notes
Turn   | Place    | Note
-------+----------+-------------------------------------------
     0 | D:1      | Dfrag the Demonspawn Fire Elementalist began the quest for the Orb.
     0 | D:1      | Reached XP level 1. HP: 13/13 MP: 3/3
   233 | D:1      | Gained mutation: Your flesh is heat resistant. (rF+) [demonic ancestry]
   233 | D:1      | Reached XP level 2. HP: 18/19 MP: 3/5
   769 | D:2      | Gained mutation: You have a pair of small antennae on your head. [demonic ancestry]
   769 | D:2      | Reached XP level 3. HP: 24/24 MP: 0/6
  1310 | D:2      | Gained mutation: You are partially covered in molten scales. (AC +2) [demonic ancestry]
  1310 | D:2      | Reached XP level 4. HP: 30/30 MP: 1/8
  1377 | D:2      | Noticed Terence
  1509 | D:2      | Killed Terence
  1804 | D:2      | Noticed Jessica
  1811 | D:2      | Killed Jessica
  1811 | D:2      | Gained mutation: A weak demonic guardian rushes to your aid. [demonic ancestry]
  1811 | D:2      | Reached XP level 5. HP: 35/35 MP: 2/9
  1987 | D:3      | Quit the game

Vault maps used:
D:1:      co_arrival_square_in_a_square_in_a_square
D:2:      st_stairs_12, uniq_terence, uniq_jessica
D:3:      good_gods_temple_1

Skill      XL: |  1  2  3  4 |
---------------+-------------+-----
Fire Magic     | 3 |  3.7
Conjurations   | 2 |  2.9
Spellcasting   | 3 |  3.2
Dodging        | |  1.7
Stealth        | |  1.7

Action                   |  1- 3 |  4- 6 || total
-------------------------+-------+-------++-------
Melee: Unarmed           |     3 |       ||     3
       Short sword       |     8 |     9 ||    17
 Cast: Flame Tongue      |    49 |    35 ||    84
  Eat: Chunk             |     1 |     3 ||     4
Armor: Robe              |     3 |     1 ||     4
Dodge: Dodged            |    16 |     9 ||    25

Table legend:
 A = Spawn XP
 B = Non-spawn XP
 C = Spawn XP percentage of total XP
 D = Spawn monster count
 E = Non-spawn monster count
 F = Spawn count percentage of total count
 G = Total turns spent on level
                    A         B        C        D         E        F      G
               +---------+---------+-------+---------+---------+-------+---------
         Total |       0 |     215 |   0.0 |       0 |      43 |   0.0 |  1987
               +---------+---------+-------+---------+---------+-------+---------
           D:1 |       0 |      22 |   0.0 |       0 |      12 |   0.0 |   732
           D:2 |       0 |     193 |   0.0 |       0 |      31 |   0.0 |  1254
               +---------+---------+-------+---------+---------+-------+---------
